 Dungeon Crawl Stone Soup version 0.31.0-12-g77e489cdc1 (webtiles) character file.

Game seed: 3310828459187690380

742 firemarshallily the Sneak (level 8, 0/48 HPs)
             Began as a Kobold Enchanter on Feb 27, 2024.
             Slain by a phantom (5 damage)
             ... on level 5 of the Dungeon.
             The game lasted 00:15:56 (4279 turns).

firemarshallily the Sneak (Kobold Enchanter)        Turns: 4279, Time: 00:15:57

Health: 0/48       AC:  2    Str: 11    XL:     8   Next: 5%
Magic:  14/14      EV: 15    Int: 16    God:
Gold:   23         SH:  0    Dex: 16    Spells: 6/15 levels left

rFire   + . .        d - +2 dagger (venom)
rCold   . . .        (no shield)
rNeg    . . .        b - +0 robe
rPois   .            (no helmet)
rElec   .            (no cloak)
rCorr   .            (no gloves)
SInv    .            (no boots)
Will    .....        (no amulet)
Stlth   ++++         a - +6 ring of strength
HPRegen 0.28/turn    k - ring of protection from fire
MPRegen 0.14/turn

%: no passive effects
@: studying Ranged Weapons
A: small, no large weapons, nightstalker 3, clumsy 1, subdued magic 1
a: no special abilities


You were on level 5 of the Dungeon.
You visited 1 branch of the dungeon, and saw 5 of its levels.

You collected 153 gold pieces.
You spent 130 gold pieces at shops.

Inventory:

Hand Weapons
 d - a +2 dagger of venom (weapon)
Missiles
 s - a poisoned dart (quivered)
 v - 3 boomerangs
Armour
 b - a +0 robe (worn)
 h - a +0 leather armour
Jewellery
 a - a +6 ring of strength (left hand)
 k - a ring of protection from fire (right hand)
Scrolls
 e - 4 scrolls of identify
 f - a scroll of enchant weapon {unknown}
 g - a scroll of brand weapon {unknown}
 i - a scroll of fog {unknown}
 l - a scroll of noise {unknown}
 p - a scroll of revelation {unknown}
 q - a scroll of blinking {unknown}
 r - 2 scrolls of poison
 u - 2 scrolls of immolation
Potions
 c - 3 potions of invisibility
 j - a potion of might
 n - a potion of ambrosia
 o - a potion of curing


   Skills:
 + Level 3.7 Fighting
 + Level 4.9 Short Blades
 - Level 2.4 Dodging
 + Level 6.6 Stealth
 + Level 4.2 Spellcasting
 + Level 4.7 Hexes


You had 6 spell levels left.
You knew the following spells:

 Your Spells              Type           Power      Damage    Failure   Level
a - Ensorcelled Hibernat  Hex/Ice        16%        N/A       8%          2
b - Tukima's Dance        Hex            14%        N/A       5%          3
c - Slow                  Hex            56%        N/A       1%          1
d - Dazzling Flash        Conj/Hex       16%        N/A       16%         3

Your spell library contained the following spells:

 Spells                   Type           Power      Damage    Failure   Level
 Confusing Touch          Hex            14%        N/A       5%          3
 Sigil of Binding         Hex            14%        N/A       5%          3
 Scorch                   Fire           4%         2d5       22%         2
 Vampiric Draining        Necr           2%         2d6       41%         3
 Flame Wave               Conj/Fire      2%         2d4       83%         4
 Sculpt Simulacrum        Ice/Alch       1%         N/A       100%        6
 Summon Cactus Giant      Summ           1%         N/A       100%        6
 Ozocubu's Refrigeration  Ice            1%         4d7       100%        7
 Polar Vortex             Ice            1%         N/A       100%        9


Dungeon Overview and Level Annotations

Branches:
Dungeon (5/15)
 Temple: D:4-7

Altars:
The Shining One

Shops:
D:2 =   D:4 *??(


Innate Abilities, Weirdness & Mutations

You are small and have problems with some larger weapons.
You are completely attuned to the shadows.
You are clumsy. (Dex -2)
Your spells are a little easier to cast, but a little less powerful.


Message History

The phantom is heavily damaged.
The phantom hits you.
You completely miss the phantom.
The phantom is heavily damaged.
You hit the phantom but do no damage.
The phantom is heavily damaged.
The phantom hits you but does no damage.
You hit the phantom.
The phantom is heavily damaged.
The phantom hits you.
The phantom blinks!
You blink.
You closely miss the phantom.
The phantom is heavily damaged.
The phantom hits you.
* * * LOW HITPOINT WARNING * * *
The phantom blinks!
You blink.
You barely miss the phantom.
The phantom is heavily damaged.
You hit the phantom but do no damage.
The phantom is heavily damaged.
The phantom misses you.
You hit the phantom but do no damage.
The phantom is heavily damaged.
The phantom closely misses you.
You hit the phantom.
The phantom is heavily damaged.
You hit the phantom.
The phantom is severely damaged.
The phantom completely misses you.
You miss the phantom.
The phantom is severely damaged.
The phantom hits you.
* * * LOW HITPOINT WARNING * * *
You hit the phantom.
The phantom is almost destroyed.
The phantom hits you.
* * * LOW HITPOINT WARNING * * *
You completely miss the phantom.
The phantom is almost destroyed.
The phantom hits you.
You die...

######
.....################
#..†W@...........#####
################......
####### ########... ..
#.....†...# #.##
#.).......#
#..####.........#
#..#....#..#####
##....####..#


You could see a phantom.

Vanquished Creatures
  Duvessa (D:4)
  A black bear (D:5)
  3 scorpions (D:4)
  Dowan (D:4)
  A howler monkey (D:4)
  A jelly (D:4)
  2 hounds (D:4)
  2 iguanas
  A gnoll (D:1)
  5 adders
  4 ribbon worms
  An orc (D:3)
  10 ball pythons
  6 bats
  2 endoplasms
  7 giant cockroaches
  10 goblins
  9 hobgoblins
  3 jackals (D:4)
  A quokka (D:4)
  5 frilled lizards
  7 kobolds
  4 rats
87 creatures vanquished.

Notes
Turn   | Place    | Note
-------+----------+-------------------------------------------
     0 | D:1      | firemarshallily the Kobold Enchanter began the quest for
                  | the Orb.
     0 | D:1      | Reached XP level 1. HP: 10/10 MP: 3/3
   336 | D:1      | Reached XP level 2. HP: 16/16 MP: 5/5
   339 | D:1      | Learned a level 2 spell: Ensorcelled Hibernation
   512 | D:1      | Reached XP level 3. HP: 20/20 MP: 6/6
   516 | D:1      | Learned a level 3 spell: Tukima's Dance
   543 | D:1      | Reached skill level 1 in Fighting
   656 | D:1      | You fall into a shaft and drop 1 floor!
  1806 | D:2      | Found Selay's Jewellery Emporium.
  1960 | D:2      | Reached XP level 4. HP: 25/25 MP: 6/8
  2796 | D:3      | Found a glowing golden altar of the Shining One.
  3000 | D:3      | Reached XP level 5. HP: 20/30 MP: 9/9
  3137 | D:4      | Found Pibab's General Store.
  3140 | D:4      | Reached skill level 5 in Stealth
  3140 | D:4      | Found Vagautz's Magic Scroll Boutique.
  3140 | D:4      | Found Seavugg's Magic Scroll Boutique.
  3143 | D:4      | Found Ebrai's Weapon Boutique.
  3167 | D:4      | Bought a scroll of teleportation for 30 gold pieces
  3167 | D:4      | Bought a scroll of identify for 20 gold pieces
  3167 | D:4      | Bought a scroll of immolation for 40 gold pieces
  3282 | D:4      | Reached XP level 6. HP: 36/36 MP: 10/10
  3301 | D:4      | Noticed Dowan
  3310 | D:4      | Noticed Duvessa
  3332 | D:4      | Killed Duvessa
  3336 | D:4      | Killed Dowan
  3337 | D:4      | Reached XP level 7. HP: 31/40 MP: 10/12
  3381 | D:4      | Gained mutation: You are clumsy. (Dex -2) [potion of
                  | mutation]
  3381 | D:4      | Gained mutation: You do not regenerate when monsters are
                  | visible. [potion of mutation]
  3409 | D:4      | Lost mutation: You are clumsy. (Dex -2) [potion of
                  | mutation]
  3409 | D:4      | Lost mutation: You do not regenerate when monsters are
                  | visible. [potion of mutation]
  3409 | D:4      | Gained mutation: You are clumsy. (Dex -2) [potion of
                  | mutation]
  3409 | D:4      | Gained mutation: Your spells are a little easier to cast,
                  | but a little less powerful. [potion of mutation]
  3511 | D:4      | Reached skill level 6 in Stealth
  3700 | D:4      | Learned a level 1 spell: Slow
  3704 | D:4      | Learned a level 3 spell: Dazzling Flash
  3798 | D:4      | Bought a scroll of poison for 40 gold pieces
  4197 | D:5      | Entered Level 5 of the Dungeon
  4257 | D:5      | Reached XP level 8. HP: 34/48 MP: 14/14
  4279 | D:5      | Slain by a phantom

Illustrated notes

Levels and vault maps discovered:
D:1:      saegor_arrival_simple_e, layout_loops_corners
D:2:      layout_basic, serial_shops, nicolae_shop_tiny_statue_garden
D:3:      layout_basic, mainiacjoe_overflow_cross_hatched,
          nicolae_concentric_dashed_squares_mild, lightli_corner_chamber
D:4:      layout_basic, minmay_shop_grid_forest, skrybe_limestone_x,
          palyth_stone_intersect, minmay_goblin_outpost, uniq_duvessa
D:5:      layout_rooms, minmay_temple_entry_slanted, uniq_ijyb, uniq_grinder

Skill      XL: |  1  2  3  4  5  6  7 |
---------------+----------------------+-----
Short Blades   | 2 3 4 |  4.9
Fighting       | 1 2 3 |  3.7
Stealth        | 5 6 |  6.6
Spellcasting   | 3 4 |  4.2
Hexes          | 4 |  4.7
Dodging        | |  2.4

Action                     |  1- 3 |  4- 6 |  7- 9 || total
---------------------------+-------+-------+-------++-------
  Melee: Dagger            |    61 |    72 |    85 ||   218
         Punch             |     1 |       |     1 ||     2
  Throw: Dart              |       |     4 |     2 ||     6
         Boomerang         |       |     1 |     3 ||     4
   Cast: Tukima's Dance    |     1 |       |       ||     1
    Use: Scroll            |       |     1 |       ||     1
         Potion            |       |       |     8 ||     8
   Stab: Sleeping          |    18 |     9 |     9 ||    36
         Distracted        |       |     2 |       ||     2
 Armour: Robe              |    13 |    15 |    31 ||    59
  Dodge: Dodged            |    24 |    43 |    64 ||   131
